 Dungeon Crawl Stone Soup version 0.31.0-4-g52a2dc7128 (webtiles) character file.

Game seed: 8589205233474041611

1552757 ssalbiz the Conqueror (level 26, 266/266 HPs)
             Began as a Minotaur Berserker on Jan 21, 2024.
             Was a High Priest of Trog.
             Escaped with the Orb
             ... and 3 runes!
             The game lasted 02:11:15 (81211 turns).

ssalbiz the Conqueror (Minotaur Berserker)         Turns: 81211, Time: 02:11:16

Health: 266/266    AC: 52    Str: 37    XL:     26   Next: 46%
Magic:  22/22      EV: 18    Int:  3    God:    Trog [*****.]
Gold:   2354       SH:  5    Dex: 13    Spells: 25/25 levels left

rFire   + + .        j - +9 executioner's axe (freeze)
rCold   + + +        (shield currently unavailable)
rNeg    + . .        x - +9 scales of the Dragon King {rPois rF+ rC+ Will+}
rPois   +            b - +3 crown of Dyrovepreva {rElec Int+2 SInv}
rElec   +            D - scarf {rC+ rF+}
rCorr   .            y - +3 Mad Mage's Maulers {Infuse+∞ VampMP -Cast}
SInv    +            O - +2 pair of boots {rampage}
Will    ++++.        a - amulet of reflection Stlth
                     R - ring of Omany {Fly rN+ AC+4}
HPRegen 0.00/turn    N - ring of Vezaitil {rElec rC+ Will++ Str+6 Int-3}
MPRegen 0.18/turn

%: no spellcasting, reflection, rampage, infuse magic (22 MP)
@: flying, inhibited regen, hasted, very quick
A: horns 2, retaliatory headbutt, camouflage 1, deterioration 1, shaggy fur 1,
inhibited regeneration, evolution 1, no potion heal 1, subdued magic 1
0: Orb of Zot
}: 3/15 runes: decaying, serpentine, silver
a: Renounce Religion, Berserk, Trog's Hand, Brothers in Arms


You escaped.
You worshipped Trog.
Trog was extremely pleased with you.
You visited 10 branches of the dungeon, and saw 48 of its levels.
You also visited: Trove, Bailey and Desolation.

You collected 8035 gold pieces.
You spent 5681 gold pieces at shops.

Inventory:

Hand Weapons
 j - a +9 executioner's axe of freezing (weapon)
 B - the +6 executioner's axe of Unreason {flame, Fly rC+ Dex+2}
   (Trog gifted it to you on level 2 of the Swamp)

   Dex+2:     It affects your dexterity (+2).
   rC+:       It protects you from cold.
   Fly:       It grants you flight.
Missiles
 m - 19 javelins (quivered)
 w - 56 poisoned darts
Armour
 b - the +3 crown of Dyrovepreva (worn) {rElec Int+2 SInv}
   (You bought it in a shop on level 6 of the Dungeon)

   Int+2:     It affects your intelligence (+2).
   rElec:     It insulates you from electricity.
   SInv:      It lets you see invisible.
 x - the +9 scales of the Dragon King (worn) {rPois rF+ rC+ Will+}
   (You took it off an orc knight on level 10 of the Dungeon)

   rF+:       It protects you from fire.
   rC+:       It protects you from cold.
   rPois:     It protects you from poison Will+: It increases your willpower.
 y - the +3 Mad Mage's Maulers (worn) {Infuse+∞ VampMP -Cast}
   (You found it in the Desolation of Salt)

   Infuse+∞: It empowers its wearer's blows with all of their magic.
   VampMP:    Blows struck in melee replenish the wearer's magic.
   -Cast:     It prevents spellcasting.
 D - a scarf of resistance (worn)
 O - a +2 pair of boots of rampaging (worn)
Jewellery
 a - an amulet of reflection (around neck)
 c - the ring "Qynn" {Fly rF++ Str+6 Int-3 Dex+3}
   (You bought it in a shop on level 1 of the Snake Pit)

   [ring of strength]

   Str+6:     It affects your strength (+6).
   Int-3:     It affects your intelligence (-3).
   Dex+3:     It affects your dexterity (+3).
   rF++:      It greatly protects you from fire.
   Fly:       It grants you flight.
 N - the ring of Vezaitil (right hand) {rElec rC+ Will++ Str+6 Int-3}
   (You took it off a deep elf demonologist on level 3 of the Elven Halls)

   [ring of strength]

   Str+6:     It affects your strength (+6).
   Int-3:     It affects your intelligence (-3).
   rC+:       It protects you from cold.
   rElec:     It insulates you from electricity.
   Will++:    It greatly increases your willpower.
 R - the ring of Omany (left hand) {Fly rN+ AC+4}
   (You took it off a ragged hierophant in the Desolation of Salt)

   [ring of protection]

   AC+4:      It affects your AC (+4).
   rN+:       It protects you from negative energy.
   Fly:       It grants you flight.
 U - a ring of resist corrosion
Wands
 d - a wand of charming (45)
 e - a wand of polymorph (42)
 i - a wand of mindburst (37)
 n - a wand of flame (145)
 I - a wand of roots (21)
 P - a wand of digging (3)
 T - a wand of light (28)
Scrolls
 g - 24 scrolls of teleportation
 l - 3 scrolls of silence
 q - 10 scrolls of revelation
 u - 5 scrolls of fear
 v - 5 scrolls of summoning
 H - 4 scrolls of blinking
 J - a scroll of brand weapon
 M - 4 scrolls of torment
 S - 3 scrolls of immolation
 W - 7 scrolls of fog
Potions
 f - 19 potions of curing
 h - 11 potions of might
 o - 9 potions of enlightenment
 p - 6 potions of ambrosia
 r - 6 potions of cancellation
 t - 8 potions of heal wounds
 z - 4 potions of resistance
 C - 7 potions of lignification
 E - 3 potions of mutation
 F - 3 potions of invisibility
 G - 4 potions of haste
 K - 4 potions of attraction
Miscellaneous
 k - a phantom mirror
 L - a sack of spiders
 V - a phial of floods
 X - a lightning rod (4/4)


   Skills:
 O Level 27 Fighting
 + Level 25.4 Axes
 - Level 25.6 Armour
 + Level 24.8 Dodging
 + Level 16.7 Stealth
 + Level 16.7 Evocations


You had 25 spell levels left.
You didn't know any spells.
Your spell library was empty.

Dungeon Overview and Level Annotations

Branches:
Dungeon (15/15)            Temple (0/1) D:6            Lair (5/5) D:10
  Swamp (4/4) Lair:2        Snake (4/4) Lair:2        Slime (0/5) Lair:5
    Orc (2/2) D:12            Elf (3/3) Orc:2        Vaults (5/5) D:14
  Crypt (0/3) Vaults:3     Depths (4/4) D:15           Hell (visited)
    Zot (5/5) Depths:4     Bailey (visited)         Desolation (visited)
    Dis: Hell:1         Geh: Hell:1         Coc: Hell:1         Tar: Hell:1

Altars:
Cheibriados
Dithmenos
Fedhas
Gozag
Kikubaaqudgha
Makhleb
Nemelex Xobeh
Okawaru
Qazlal
Ru
Sif Muna
Trog
Uskayaw
Vehumet
Wu Jian
Yredelemnul
Zin
The Shining One
Jiyva

Shops:
D:1 !   D:6 !!:[[!   Orc:2 *=([   Elf:1 ?   Elf:2 **[?*   Elf:3 !   Snake:1 =::
Snake:2 :   Vaults:3 :   Vaults:4 ![   Vaults:5 ?

Portals:
Hell: Depths:1 Depths:2 Depths:3 Depths:4
Abyss: Depths:2 Depths:3
Pandemonium: Depths:2
Ziggurat: Depths:4

Annotations:
Lair:2 2 transporters
Elf:2 3 runed translucent doors, exclusion: obsidian statue, Lalunt's ghost, adept MiBe
Depths:2 2 transporters, exclusion: orange crystal statue


Innate Abilities, Weirdness & Mutations

You have a pair of horns on your head.
You reflexively headbutt those who attack you in melee.
Your skin changes colour to match your surroundings (Stealth+).
Your body sometimes deteriorates upon taking damage.
You are covered in fur. (AC +1)
You do not regenerate when monsters are visible.
You have hidden genetic potential.
Potions are less effective at restoring your health.
Your spells are a little easier to cast, but a little less powerful.


Message History

Unknown command.
You slash the large abomination! You freeze the large abomination.
Your headbutt misses the large abomination.
The large abomination is moderately damaged.
You feel sick.
You are no longer poisoned.
The large abomination closely misses you.
You furiously retaliate!
You headbutt the large abomination.
You carve the large abomination like a ham!!!
You freeze the large abomination!
You destroy the large abomination!
Trog accepts your kill.
Unknown command.
You slice the large abomination!! You freeze the large abomination.
The large abomination is heavily damaged.
Unknown command.
You slice the large abomination like a ripe choko!!!!
You freeze the large abomination!
You destroy the large abomination!
Trog accepts your kill.
No target in view!
Unknown command.
No target in view!
HP restored.
There is a stone staircase leading up here.
You fly upwards.
There is a stone staircase leading down here.
Unknown command.
There is a shadowy altar of Dithmenos here.
There is a stone staircase leading up here.
You fly upwards.
There is a stone staircase leading down here.
There is a stone staircase leading up here.
You fly upwards.
There is a stone staircase leading down here.
There is an open door here.
An Orb Guardian comes into view.
You feel yourself speed up.
There is a staircase leading out of the dungeon here.
You have escaped!

#~PP##.#
#...####
#.##P~~# ###.#
#.##~PP# #.#
#...PP~#####.#
#.#####~P~...#
#X# #~~P##.#
#.### #PPP##.#
#...# #.##P~P#
#.@.###.##~PP#
#.........~P~#
##############


You could see an Orb Guardian.

Vanquished Creatures
  A seraph (Depths:4)
  A dread lich (Zot:5)
  4 ancient liches
  7 orbs of fire (Zot:5)
  Xtahua (Vaults:3)
  Bai Suzhen (Vaults:3)
  Boris (twice) (Depths:3 Depths:4)
  The ghost of Qiwept the Fencer, a veteran BaIE of Cheibriados (Depths:2)
  5 Killer Klowns
  Vashnia (Snake:3)
  Geryon (Hell)
  6 curse toes
  5 golden dragons
  Jory (Vaults:4)
  A bone dragon (Depths:4)
  2 electric golems (Zot:5)
  A Tzitzimitl (Zot:3)
  A hellephant (Depths:3)
  Rupert (Orc:2)
  27 Orb Guardians
  A Hell Sentinel (Depths:3)
  16 tentacled monstrosities
  2 walking divine tomes (Depths:4)
  6 titans
  2 liches
  2 deep elf blademasters (Elf:3)
  2 deep elf master archers (Elf:3)
  The ghost of Itzin the Executioner, an adept MiBe of Trog (Elf:3)
  2 sphinxes
  An ancient champion (Elf:3)
  13 quicksilver dragons
  An eldritch tentacle (Swamp:2)
  Frances (Swamp:2)
  2 thorn hunters
  3 Executioners
  7 tengu reavers
  11 death cobs
  11 shadow dragons
  Kirke (D:15)
  Roxanne (Swamp:2)
  Donald (Snake:1)
  Aizul (Swamp:3)
  8 storm dragons
  8 draconian knights
  6 draconian monks
  7 nagarajas
  9 frost giants
  3 iron dragons
  6 protean progenitors
  6 deep elf sorcerers
  12 vault wardens
  9 draconian scorchers
  6 balrugs (Zot:4)
  8 fire giants
  6 draconian shifters
  Louise (D:15)
  2 deep elf elementalists (Elf:3)
  2 draconian stormcallers
  3 angels (Depths:4)
  An imperial myrmidon (Desolation)
  5 ghost moths
  2 hydra zombies (Swamp:4)
  An orc warlord (Vaults:1)
  A curse skull (Vaults:3)
  20 very ugly things
  3 reapers
  14 ironbound preservers
  5 draconian annihilators
  2 ghouls (Swamp:4)
  5 formless jellyfish
  13 stone giants
  A cacodemon (Depths:2)
  5 ironbound thunderhulks
  9 deep elf death magi
  4 vampire knights
  5 eleionomae
  10 black draconians
  11 deep elf annihilators
  8 green draconians
  9 deep elf demonologists
  9 yellow draconians
  3 halazid warlocks (Desolation)
  3 war gargoyles
  12 red draconians
  3 spark wasps
  5 white draconians
  5 bunyips
  14 purple draconians
  15 dire elephants
  A crystal guardian (Desolation)
  2 green deaths
  14 ettins
  5 blizzard demons (Zot:4)
  13 fire dragons
  3 ragged hierophants (Desolation)
  9 yaktaur captains
  7 deep elf high priests
  An entropy weaver (Vaults:1)
  3 great orbs of eyes
  A salamander tyrant (Snake:2)
  3 shambling mangroves (Swamp:4)
  10 ice dragons
  9 peacekeepers
  17 hydras
  3 ogre magi
  11 servants of whispers (Desolation)
  10 alligators
  2 ghost crabs
  A rakshasa (Depths:4)
  33 vault guards
  3 spriggan air magi (Depths:4)
  6 boulder beetles
  The ghost of Marethyu the Black Belt, a journeyman MfSh of Ru (D:10)
  5 ironbound frosthearts
  13 centaur warriors
  13 anacondas
  A two-headed ogre (shapeshifter) (Vaults:5)
  13 two-headed ogres
  2 satyrs (Zot:2)
  11 naga warriors
  3 vampire magi
  35 dancing weapons
  6 deep troll shamans
  16 naga sharpshooters
  Urug (D:13)
  2 orc high priests (Elf:3)
  3 spriggan berserkers
  9 hell hogs
  8 tengu warriors
  11 deep troll earth magi
  8 shock serpents
  5 sun demons (Hell)
  2 hell knights (Vaults:5)
  A skyshark (Lair:2)
  20 deep elf knights
  2 soul eaters (Hell)
  A shadow wraith (Vaults:5)
  A sixfirhy (Depths:2)
  3 iron trolls
  4 salamander mystics
  4 goliath frogs
  6 naga ritualists
  4 sea snakes (Snake:1)
  2 flayed ghosts
  8 arcanists
  3 swamp dragons (Swamp:4)
  3 spectral hydras (Swamp:4)
  3 spriggan druids (Swamp:4)
  A steelbarb worm (shapeshifter) (Vaults:5)
  18 mana vipers
  46 deep trolls
  5 glowing orange brains
  2 swamp dragons (shapeshifter)
  An obsidian statue (Zot:5)
  24 ironbound convokers
  A lindwurm (shapeshifter) (Vaults:4)
  20 deep elf archers
  6 bog bodies
  29 deep elf pyromancers
  A harpy (Vaults:1)
  4 phantasmal warriors
  23 deep elf zephyrmancers
  6 necromancers
  13 orc knights
  10 lindwurms
  26 ugly things
  3 oklob plants (Swamp:4)
  5 orc sorcerers
  6 will-o-the-wisps
  15 cyclopes
  12 salamanders
  9 manticores
  2 kobold blastminers (Orc:1)
  8 rust devils (Hell)
  7 meliai
  31 moths of wrath
  10 guardian serpents
  13 naga magi
  20 vault sentinels
  An elephant (Lair:4)
  3 gargoyles
  3 molten gargoyles (Lair:5)
  39 black mambas
  3 unseen horrors
  16 cane toads
  A smoke demon (Depths:2)
  2 large abominations (D:4)
  13 komodo dragons
  21 yaktaurs
  A kobold demonologist (D:11)
  10 rime drakes
  2 ice devils (Hell)
  An anaconda simulacrum (Hell)
  A tengu conjurer (Depths:2)
  2 efreet
  13 trolls
  A queen bee (shapeshifter) (D:15)
  A bloated husk (Swamp:3)
  3 polar bears
  A merfolk (shapeshifter) (Vaults:4)
  49 saltlings (Desolation)
  12 tyrant leeches
  A raiju (Swamp:1)
  14 blink frogs
  22 hornets
  7 glass eyes
  5 dream sheep (Lair:5)
  29 slime creatures
  2 air elementals
  A hydra skeleton (Swamp:4)
  2 centaur simulacra
  3 shadows (D:10)
  14 spriggans
  6 water elementals (Depths:3)
  A vampire (D:10)
  13 wyverns
  6 wraiths
  3 basilisks
  2 hogs (D:15)
  3 fire bats (Depths:2)
  18 humans (D:14)
  37 yaks
  2 fire elementals (Elf:3)
  2 redbacks (Vaults:1)
  6 wargs
  A harpy simulacrum (Hell)
  3 steam dragons
  12 vampire mosquitoes
  12 swamp worms
  3 acid dragons
  40 nagas
  5 hell hounds
  17 water moccasins
  3 hydra simulacra (Swamp:4)
  6 swamp drakes (Swamp:4)
  2 ice beasts
  3 sky beasts
  2 black bears (Lair:3)
  20 orc warriors
  4 laughing skulls
  3 swamp dragon zombies (Swamp:4)
  7 ogres
  4 boggarts (Vaults:2)
  19 wolves
  A swamp dragon skeleton (Swamp:4)
  10 centaurs
  A phantom (D:5)
  A kobold brigand (D:8)
  4 scorpions
  12 bullfrogs
  3 earth elementals
  9 wights
  20 killer bees
  7 howler monkeys
  3 bombardier beetles
  5 lava snakes (Lair:5)
  8 orc priests
  A gnoll bouda (D:6)
  6 jellies
  6 iguanas
  2 sleepcaps
  31 orc wizards
  18 gnolls
  3 swamp drake zombies (Swamp:4)
  9 adders
  2 shadow imps
  A white imp (D:6)
  6 ufetubi
  2 dart slugs
  5 ribbon worms
  81 orcs
  4 ball pythons
  7 endoplasms
  4 giant cockroaches
  8 goblins
  4 hobgoblins (D:1)
  10 jackals
  7 quokkas
  2 bats
  6 frilled lizards
  12 kobolds
  9 rats
  4 aspiring fleshes
2138 creatures vanquished.

Vanquished Creatures (collateral kills)
  Boris (Vaults:3)
  A golden dragon (Vaults:5)
  Jorgrun (Orc:2)
  A tengu reaver (Vaults:5)
  2 nagarajas (Snake:4)
  A deep elf sorcerer (Elf:3)
  A draconian shifter (Depths:4)
  A draconian stormcaller (Depths:4)
  A deep elf death mage (Elf:3)
  A deep elf annihilator (Elf:3)
  Josephine (Orc:2)
  2 anacondas (Snake:4)
  3 naga sharpshooters (Snake:4)
  3 salamander mystics (Snake:4)
  2 naga ritualists (Snake:4)
  4 guardian serpents (Snake:4)
  3 wraiths (Orc:2)
  2 nagas (Snake:4)
  A laughing skull (D:12)
  An orc wizard (D:12)
33 creatures vanquished.

Vanquished Creatures (others)
  A deep elf knight (Vaults:1)
  A deep elf pyromancer (Elf:2)
  A bloated husk (Swamp:4)
  An air elemental (Elf:2)
  A hell hound (Lair:5)
  2 orcs (Orc:1)
  27 foxfires
34 creatures vanquished.

Grand Total: 2205 creatures vanquished

Notes
Turn   | Place    | Note
-------+----------+-------------------------------------------
     0 | D:1      | ssalbiz the Minotaur Berserker began the quest for the Orb.
     0 | D:1      | Reached XP level 1. HP: 19/19 MP: 0/0
   125 | D:1      | Reached XP level 2. HP: 26/26 MP: 1/1
   416 | D:1      | Found Ixtab's Distillery.
   435 | D:1      | Reached skill level 5 in Axes
   600 | D:1      | Reached XP level 3. HP: 31/31 MP: 2/2
  1319 | D:2      | Reached ** piety under Trog
  1320 | D:2      | Reached XP level 4. HP: 37/39 MP: 3/3
  2266 | D:3      | Found a shadowy altar of Dithmenos.
  2314 | D:3      | Reached XP level 5. HP: 45/45 MP: 4/4
  2588 | D:3      | Found an iron altar of Okawaru.
  2965 | D:4      | Reached XP level 6. HP: 51/51 MP: 5/5
  3163 | D:4      | Found an ancient bone altar of Kikubaaqudgha.
  3164 | D:4      | Found a radiant altar of Vehumet.
  3165 | D:4      | Found a shimmering blue altar of Sif Muna.
  3201 | D:4      | Found an opulent altar of Gozag.
  3266 | D:4      | Found a snail-covered altar of Cheibriados.
  3431 | D:4      | Found an ornate altar of the Wu Jian Council.
  3896 | D:5      | Entered Level 5 of the Dungeon
  3996 | D:5      | Noticed an ice beast
  4007 | D:5      | Killed an ice beast
  4008 | D:5      | Reached skill level 10 in Axes
  4008 | D:5      | Reached XP level 7. HP: 54/57 MP: 6/6
  4798 | D:5      | Found a stormy altar of Qazlal.
  4868 | D:6      | Found a bloodstained altar of Trog.
  4930 | D:5      | Reached XP level 8. HP: 15/64 MP: 7/7
  5217 | D:6      | Found Enlov's Distillery.
  5220 | D:6      | Bought a potion of curing for 33 gold pieces
  5286 | D:6      | Found Ciefoghe's Armour Emporium.
  5291 | D:6      | Bought a +0 pair of boots for 49 gold pieces
  5340 | D:6      | Found Ischougou's Antique Armour Shoppe.
  5360 | D:6      | Found a basalt altar of Yredelemnul.
  5384 | D:6      | Found a glowing silver altar of Zin.
  5420 | D:6      | Found a staircase to the Ecumenical Temple.
  5467 | D:6      | Reached *** piety under Trog
  5500 | D:6      | Found a glowing drain.
  5578 | D:6      | Found Buisuddoad's Distillery.
  5600 | D:6      | Bought a potion of might for 60 gold pieces
  5600 | D:6      | Bought a potion of heal wounds for 75 gold pieces
  5600 | D:6      | Bought a potion of enlightenment for 75 gold pieces
  5600 | D:6      | Bought a potion of degeneration for 15 gold pieces
  5640 | D:6      | Found Vurchou's Distillery.
  5678 | D:6      | Found Olagu's Tiny Tomes.
  6515 | D:7      | Reached XP level 9. HP: 67/70 MP: 8/8
  6812 | D:7      | Noticed a gargoyle
  6826 | D:7      | Killed a gargoyle
  6827 | D:7      | Reached skill level 15 in Axes
  6940 | D:7      | Identified the +2 falchion "Newtslayer" {freeze, rC+++}
  7162 | D:8      | Reached skill level 4 in Fighting
  7188 | D:8      | Found the +6 shillelagh "Devastator" {shatter}
  7342 | D:8      | Found a flagged portal.
  7377 | Bailey   | Entered a bailey
  8040 | D:8      | Reached skill level 5 in Fighting
  8045 | D:8      | Reached XP level 10. HP: 78/78 MP: 9/9
  8576 | D:9      | Found a burning altar of Makhleb.
  8669 | D:9      | Found a sacrificial altar of Ru.
  8670 | D:9      | Found a glowing golden altar of the Shining One.
  8680 | D:9      | Reached **** piety under Trog
  8763 | D:9      | Reached skill level 5 in Armour
  8780 | D:9      | Reached skill level 6 in Fighting
  8874 | D:9      | Reached skill level 5 in Dodging
  9128 | D:9      | Noticed a two-headed ogre
  9133 | D:9      | Killed a two-headed ogre
  9362 | D:10     | Entered Level 10 of the Dungeon
  9541 | D:10     | Found a sparkling altar of Nemelex Xobeh.
  9704 | D:10     | Noticed a two-headed ogre
  9737 | D:10     | Found a large runed translucent door.
  9737 | D:10     | Found a large runed translucent door.
  9741 | D:10     | Noticed Marethyu's ghost (journeyman MfSh)
  9757 | D:10     | Noticed an orc knight
  9847 | D:10     | Killed an orc knight
  9916 | D:10     | Noticed a boulder beetle
  9964 | D:10     | Killed a boulder beetle
  9965 | D:10     | Reached XP level 11. HP: 84/89 MP: 10/10
  9992 | D:10     | Noticed a tengu warrior
 10026 | D:10     | Killed a tengu warrior
 10030 | D:10     | Noticed a seven-headed hydra
 10188 | D:10     | Killed a seven-headed hydra
 10425 | D:10     | Found a hide-covered altar of Uskayaw.
 10426 | D:10     | Noticed a deep elf pyromancer
 10572 | D:10     | Noticed an ogre mage
 10583 | D:10     | Killed an ogre mage
 10645 | D:10     | Killed a two-headed ogre
 10667 | D:10     | Identified the ring of Uniwk {Ice rElec rPois Str+7}
 10667 | D:10     | Noticed an orc knight
 10866 | D:10     | Killed an orc knight
 10901 | D:10     | Noticed a two-headed ogre
 11023 | D:10     | Killed a two-headed ogre
 11135 | D:10     | Noticed a centaur warrior
 11143 | D:10     | Killed a centaur warrior
 11253 | D:10     | Killed a deep elf pyromancer
 11317 | D:10     | Identified the +0 ring mail of the Final Moons {rPois
                  | Int+2}
 11336 | D:10     | Reached ***** piety under Trog
 11418 | D:10     | Noticed a two-headed ogre
 11423 | D:10     | Killed a two-headed ogre
 11445 | D:10     | Reached XP level 12. HP: 90/96 MP: 11/11
 11469 | D:10     | Noticed a boulder beetle
 11485 | D:10     | Killed a boulder beetle
 11721 | D:10     | Found a staircase to the Lair.
 11824 | D:10     | Reached skill level 10 in Armour
 12128 | D:11     | Identified the +9 short sword of the Poles {venom, rElec
                  | rC- Str+3 Stlth+}
 12434 | D:6      | Bought the +3 crown of Dyrovepreva {rElec Int+2 SInv} for
                  | 1200 gold pieces
 12434 | D:6      | Found the +3 crown of Dyrovepreva {rElec Int+2 SInv}
 12837 | D:11     | Noticed a two-headed ogre
 12850 | D:11     | Killed a two-headed ogre
 12851 | D:11     | Reached skill level 7 in Fighting
 12958 | D:12     | Received a gift from Trog
 13391 | D:12     | Found a staircase to the Orcish Mines.
 13668 | D:12     | Found a glowing golden altar of the Shining One.
 13907 | D:12     | Noticed a two-headed ogre
 13921 | D:12     | Killed a two-headed ogre
 13922 | D:12     | Reached skill level 8 in Fighting
 13992 | D:12     | Noticed a two-headed ogre
 14005 | D:12     | Killed a two-headed ogre
 14175 | D:12     | Noticed a centaur warrior
 14183 | D:12     | Killed a centaur warrior
 14184 | D:12     | Reached XP level 13. HP: 110/110 MP: 12/12
 14373 | D:13     | Reached skill level 9 in Fighting
 14490 | D:13     | Noticed Urug
 14512 | D:13     | Killed Urug
 15028 | Orc:1    | Entered Level 1 of the Orcish Mines
 15231 | Orc:2    | Entered Level 2 of the Orcish Mines
 15263 | Orc:2    | Found a staircase to the Elven Halls.
 15344 | Orc:2    | Noticed an ettin
 15347 | Orc:2    | Found Weima's Antique Weapon Shoppe.
 15630 | Orc:2    | Killed an ettin
 15721 | Orc:2    | Reached skill level 10 in Fighting
 15725 | Orc:2    | Noticed a stone giant
 15727 | Orc:2    | Found Laer Fyh's General Store.
 15727 | Orc:2    | Noticed Jorgrun
 15733 | Orc:2    | Noticed Josephine
 15735 | Orc:2    | Killed a stone giant
 15737 | Orc:2    | Killed Jorgrun
 15738 | Orc:2    | Reached skill level 15 in Armour
 15744 | Orc:2    | Killed Josephine
 15824 | Orc:2    | Noticed an ettin
 15863 | Orc:2    | Killed an ettin
 15942 | Orc:2    | Found Qiog's Jewellery Shop.
 15993 | Orc:2    | Noticed an ettin
 16000 | Orc:2    | Killed an ettin
 16039 | Orc:2    | Bought a scroll of identify for 28 gold pieces
 16113 | Orc:2    | Noticed Rupert
 16212 | Orc:2    | Killed Rupert
 16401 | Orc:2    | Found Eblorud's Antique Armour Shop.
 16665 | Orc:2    | Reached XP level 14. HP: 94/122 MP: 13/13
 16742 | Orc:2    | Reached skill level 11 in Fighting
 17516 | Lair:1   | Entered Level 1 of the Lair of Beasts
 17561 | Lair:1   | Reached skill level 10 in Dodging
 17864 | Lair:1   | You fall into a shaft and drop 1 floor!
 18201 | Lair:2   | Found a staircase to the Swamp.
 18369 | Lair:2   | Found a transporter.
 18406 | Lair:2   | Found a transporter.
 18530 | Lair:2   | Found a staircase to the Snake Pit.
 19029 | Lair:1   | Received a gift from Trog
 19553 | Lair:3   | Reached skill level 12 in Fighting
 19609 | Lair:3   | Identified the +0 scale mail of Refuge {Regen+ Str-2 Int+8
                  | Stlth-}
 21137 | Lair:5   | Entered Level 5 of the Lair of Beasts
 21519 | Lair:5   | Reached XP level 15. HP: 130/134 MP: 14/14
 21579 | Lair:5   | Found a viscous altar of Jiyva.
 21583 | Lair:5   | Found a staircase to the Slime Pits.
 21591 | Lair:5   | Reached ****** piety under Trog
 21661 | Lair:5   | Received a gift from Trog
 21674 | Lair:5   | Found a large runed translucent door.
 21834 | Lair:5   | Reached skill level 13 in Fighting
 21849 | Lair:5   | Found the +8 arc blade {discharge, rElec}
 21860 | Lair:5   | Found a large runed translucent door.
 22433 | Snake:1  | Entered Level 1 of the Snake Pit
 22626 | Snake:1  | Found Ohomeg's Jewellery Boutique.
 22626 | Snake:1  | Found Emarox's Book Shoppe.
 22627 | Snake:1  | Found Teuclule's Book Shoppe.
 22635 | Snake:1  | Bought the ring "Qynn" {Fly rF++ Str+6 Int-3 Dex+3} for 626
                  | gold pieces
 23382 | Snake:1  | Noticed Donald
 23434 | Snake:1  | Killed Donald
 23862 | Snake:2  | Found Immoanom's Book Boutique.
 24016 | Snake:2  | Received a gift from Trog
 24339 | Snake:2  | Reached skill level 14 in Fighting
 24887 | Snake:1  | Reached XP level 16. HP: 116/147 MP: 5/15
 25056 | Snake:1  | Identified the +8 broad axe of True Grit {freeze, rPois
                  | Int+3}
 25152 | Snake:2  | Reached skill level 15 in Fighting
 25215 | Snake:2  | Found the +3 salamander hide armour {Flames, rFlCloud rF++
                  | rC--}
 26012 | Snake:3  | Noticed Vashnia
 26167 | Snake:3  | Received a gift from Trog
 26716 | Snake:3  | Killed Vashnia
 26843 | Snake:3  | Reached skill level 16 in Fighting
 27463 | Snake:4  | Entered Level 4 of the Snake Pit
 27513 | Snake:4  | Received a gift from Trog
 27866 | Snake:4  | Reached skill level 15 in Dodging
 27919 | Snake:4  | Reached XP level 17. HP: 87/160 MP: 16/16
 27935 | Snake:4  | Reached skill level 17 in Fighting
 28890 | Snake:4  | Got a serpentine rune of Zot
 29095 | Swamp:1  | Entered Level 1 of the Swamp
 29205 | Swamp:1  | Noticed a tentacled monstrosity
 29216 | Swamp:1  | Killed a tentacled monstrosity
 29820 | Swamp:1  | Identified a scroll of acquirement
 29823 | Swamp:1  | Acquired a manual of Armour
 29950 | Swamp:2  | Identified the +6 executioner's axe of Unreason {flame, Fly
                  | rC+ Dex+2} (Trog gifted it to you on level 2 of the Swamp)
 29950 | Swamp:2  | Received a gift from Trog
 30131 | Snake:2  | Bought a manual of Axes for 1120 gold pieces
 30283 | Swamp:2  | Noticed Roxanne
 30708 | Swamp:2  | Noticed Frances
 30716 | Swamp:2  | Killed Frances
 30717 | Swamp:2  | Reached skill level 18 in Fighting
 30983 | Swamp:2  | Killed Roxanne
 31857 | Swamp:4  | Entered Level 4 of the Swamp
 31860 | Swamp:4  | Identified the serpent talisman "Iqatt" {*Corrode Will+
                  | Str+2 Int+4}
 31860 | Swamp:4  | Noticed Aizul
 31876 | Swamp:3  | Killed Aizul
 31877 | Swamp:3  | Reached XP level 18. HP: 28/173 MP: 17/17
 32672 | Swamp:4  | Received a gift from Trog
 32742 | Swamp:4  | Reached skill level 19 in Fighting
 33036 | Swamp:4  | Found a blossoming altar of Fedhas.
 33099 | Swamp:4  | Found a basalt altar of Yredelemnul.
 33278 | Swamp:4  | Got a decaying rune of Zot
 33599 | D:10     | Killed Marethyu's ghost
 34163 | D:14     | Found a shimmering blue altar of Sif Muna.
 34258 | D:14     | Found a gate to the Vaults.
 34396 | Vaults:1 | Entered Level 1 of the Vaults
 34405 | Vaults:1 | Received a gift from Trog
 34955 | Vaults:1 | Reached skill level 20 in Fighting
 34997 | Vaults:1 | Found a crumbling gateway.
 35004 | Desolati | Entered the Desolation of Salt
 35013 | Desolati | Reached XP level 19. HP: 170/185 MP: 18/18
 35100 | Desolati | Found the +10 morningstar "Eos" {elec, Halo rElec}
 35251 | Desolati | Found the +3 Mad Mage's Maulers {Infuse+∞ VampMP -Cast}
 35277 | Desolati | Received a gift from Trog
 35317 | Desolati | Identified the +10 halberd of Causality {vamp, rElec Will+}
 35353 | Desolati | Identified the ring of the Voivode {AC+4 Slay+3}
 35392 | Desolati | Identified the +11 arbalest of Joew {penet, Int+4 Dex+3
                  | SInv}
 35392 | Desolati | Identified the ring of Omany {Fly rN+ AC+4}
 35642 | Desolati | Identified the +1 scale mail of Majot {-Tele rElec rF+
                  | rN++}
 36880 | Vaults:1 | Reached skill level 1 in Stealth
 36880 | Vaults:1 | Reached skill level 1 in Evocations
 36965 | Vaults:1 | Received a gift from Trog
 37541 | Vaults:1 | Reached skill level 21 in Fighting
 37974 | Vaults:1 | Found a portal to a secret trove of treasure.
 38421 | Orc:2    | Bought a +2 demon whip of electrocution for 693 gold pieces
 38904 | Vaults:1 | You paid a toll of a +4 demon whip to enter a treasure
                  | trove
 38905 | Trove    | Entered a treasure trove
 38907 | Trove    | Found the +16 obsidian axe {drain, demonic, Mesm ^Drain Fly
                  | SInv}
 38917 | Trove    | Identified the +0 war axe "Maul Eme" {freeze, *Noise Fly
                  | rN+}
 38927 | Trove    | Identified the +7 shortbow of Eshraq {freeze, Str+4}
 39540 | Vaults:2 | Received a gift from Trog
 40333 | Vaults:2 | Reached XP level 20. HP: 164/198 MP: 1/19
 40664 | Vaults:2 | Identified the +9 plate armour of Pomaah {Will++ Str-4
                  | Dex+3}
 40990 | Vaults:3 | Reached skill level 5 in Stealth
 40994 | Vaults:3 | Reached skill level 5 in Evocations
 41359 | Vaults:3 | Received a gift from Trog
 41716 | Vaults:3 | Noticed Xtahua
 41719 | Vaults:3 | Noticed Boris
 41730 | Vaults:3 | Killed Xtahua
 41738 | Vaults:3 | Killed Boris
 41984 | Vaults:3 | Found a staircase to the Crypt.
 42869 | Vaults:3 | Noticed Bai Suzhen
 42885 | Vaults:3 | Killed Bai Suzhen
 42978 | Vaults:3 | Found Viecao's Book Shop.
 43170 | Vaults:4 | Received a gift from Trog
 43182 | Vaults:4 | Reached skill level 22 in Fighting
 43488 | Vaults:4 | Found Zauri's Distillery.
 43599 | Vaults:4 | Bought 2 potions of heal wounds for 180 gold pieces
 43599 | Vaults:4 | Bought a potion of heal wounds for 90 gold pieces
 43599 | Vaults:4 | Bought a potion of heal wounds for 90 gold pieces
 43599 | Vaults:4 | Bought a potion of heal wounds for 90 gold pieces
 43599 | Vaults:4 | Bought a potion of haste for 180 gold pieces
 44957 | Vaults:4 | Found Voph's Antique Armour Emporium.
 45080 | Vaults:4 | Bought a pitted scarf for 190 gold pieces
 45080 | Vaults:4 | Identified the scarf of Ennui {harm, +Blink rPois Str+3}
                  | (You bought it in a shop on level 4 of the Vaults)
 45438 | Elf:1    | Entered Level 1 of the Elven Halls
 46064 | Elf:1    | Found Niorilig's Magic Scroll Emporium.
 46072 | Elf:1    | Bought a scroll of blinking for 105 gold pieces
 46298 | Elf:1    | Identified the +7 battleaxe "Fov Musi" {heavy, rN+ rCorr
                  | Dex+2} (Trog gifted it to you on level 1 of the Elven
                  | Halls)
 46298 | Elf:1    | Received a gift from Trog
 47687 | Elf:2    | Reached XP level 21. HP: 209/209 MP: 6/20
 47965 | Elf:2    | Found a runed translucent gate.
 47966 | Elf:2    | Found a runed translucent gate.
 47966 | Elf:2    | Found an opulent altar of Gozag.
 47967 | Elf:2    | Found a runed translucent gate.
 47968 | Elf:2    | Found Solir's Assorted Antiques.
 47969 | Elf:2    | Noticed Lalunt's ghost (adept MiBe)
 47971 | Elf:2    | Found Moqigil's Assorted Antiques.
 48316 | Elf:2    | Found Adghesaki's Armour Shop.
 48548 | Elf:2    | Found Tamat's Magic Scroll Emporium.
 48586 | Elf:2    | Found Gug Pall's Assorted Antiques.
 49224 | Elf:2    | Found a runed translucent gate.
 49338 | Elf:2    | Found a runed translucent gate.
 49338 | Elf:2    | Found a runed translucent gate.
 49989 | Elf:2    | Received a gift from Trog
 50190 | Elf:2    | Identified the blade talisman of Uwezxur {Will+ Str+3
                  | Slay+3}
 50305 | Elf:3    | Entered Level 3 of the Elven Halls
 50418 | Elf:3    | Found a runed translucent door.
 50878 | Elf:3    | Noticed Itzin's ghost (adept MiBe)
 51327 | Elf:3    | Identified the +4 quarterstaff "Cogyirph" {flame, rC+ Will+
                  | Str+3 Int+3}
 51373 | Elf:3    | Reached skill level 23 in Fighting
 51642 | Elf:3    | Received a gift from Trog
 52436 | Elf:3    | Identified the staff "Risiteqe" {rN+ Dex+4 Necro}
 52448 | Elf:3    | Identified the ring of Vezaitil {rElec rC+ Will++ Str+6
                  | Int-3}
 52652 | Elf:3    | Identified the +6 chain mail "Leutaph" {Will+}
 52696 | Elf:3    | Identified the +5 chain mail of Insurance {*Corrode rC+
                  | Str+3}
 52796 | Elf:3    | Received a gift from Trog
 53023 | Elf:3    | Found Kaichowk's Distillery.
 53032 | Elf:3    | Bought 2 potions of heal wounds for 140 gold pieces
 53032 | Elf:3    | Bought a potion of curing for 42 gold pieces
 53554 | Elf:3    | Killed Itzin's ghost
 53919 | Vaults:5 | Entered Level 5 of the Vaults
 54309 | Vaults:4 | Reached XP level 22. HP: 195/220 MP: 4/21
 54660 | Vaults:5 | Noticed a golden dragon
 54677 | Vaults:5 | Killed a golden dragon
 54684 | Vaults:5 | Reached skill level 10 in Stealth
 54684 | Vaults:5 | Reached skill level 10 in Evocations
 55050 | Vaults:5 | Noticed Jory
 55399 | Vaults:4 | Killed Jory
 55579 | Vaults:4 | Identified the +12 executioner's axe "Dotsaps" {flame,
                  | rElec rN+} (Trog gifted it to you on level 4 of the Vaults)
 55579 | Vaults:4 | Received a gift from Trog
 55994 | Vaults:5 | Noticed an ancient lich
 56780 | Vaults:5 | Reached skill level 24 in Fighting
 57405 | Vaults:5 | Noticed an ancient lich
 57410 | Vaults:5 | Killed an ancient lich
 57488 | Vaults:5 | Killed an ancient lich
 57519 | Vaults:5 | Received a gift from Trog
 57719 | Vaults:5 | Got a silver rune of Zot
 57827 | Vaults:5 | Identified the +4 orcbow of the Wilderness {heavy, rC-
                  | Str+9}
 58445 | Vaults:5 | Found Orphenn's Magic Scroll Shop.
 58456 | Vaults:5 | Bought a scroll of blinking for 180 gold pieces
 58456 | Vaults:5 | Bought a scroll of summoning for 228 gold pieces
 58456 | Vaults:5 | Bought a scroll of fog for 96 gold pieces
 58456 | Vaults:5 | Bought a scroll of fog for 96 gold pieces
 58536 | Vaults:5 | Identified the +4 chain mail "Gaefat" {rElec rPois Dex+3}
 58618 | Vaults:5 | Identified the +2 quarterstaff "Spiderslayer" {flame, rC++
                  | rN+++ Dex-5}
 59055 | D:15     | Entered Level 15 of the Dungeon
 59357 | D:15     | Found a staircase to the Depths.
 59788 | D:15     | Noticed Louise
 59795 | D:15     | Killed Louise
 59921 | D:15     | Noticed Kirke
 59928 | D:15     | Killed Kirke
 60502 | Depths:1 | Entered Level 1 of the Depths
 60502 | Depths:1 | Found a radiant altar of Vehumet.
 60718 | Depths:1 | Reached XP level 23. HP: 232/232 MP: 3/22
 60719 | Depths:1 | Received a gift from Trog
 61535 | Depths:1 | Identified the ring of Filioh {Fly rElec Will+}
 62174 | Depths:1 | Found a gateway to Hell.
 62638 | Depths:2 | Identified the ring of the Swan {^Drain rPois Will++ AC+4
                  | SInv}
 62639 | Depths:2 | Found a transporter.
 62639 | Depths:2 | Found a transporter.
 62678 | Depths:2 | Received a gift from Trog
 62857 | Depths:2 | Noticed Qiwept's ghost (veteran BaIE)
 62861 | Depths:2 | Found a runed translucent door.
 63331 | Depths:2 | Found a one-way gate to the infinite horrors of the Abyss.
 63659 | Depths:2 | Found a one-way gate leading to the halls of Pandemonium.
 64258 | Depths:2 | Killed Qiwept's ghost
 64259 | Depths:2 | Reached skill level 25 in Fighting
 64403 | Depths:3 | Noticed Boris
 64410 | Depths:3 | Killed Boris
 65379 | Depths:3 | Received a gift from Trog
 65547 | Depths:3 | Found a sparkling altar of Nemelex Xobeh.
 65587 | Depths:4 | Entered Level 4 of the Depths
 65587 | Depths:4 | Noticed Boris
 65593 | Depths:4 | Killed Boris
 66073 | Depths:4 | Found a gate to the Realm of Zot.
 66100 | Depths:4 | Received a gift from Trog
 66434 | Depths:4 | Found a one-way gateway to a ziggurat.
 66445 | Depths:4 | Reached XP level 24. HP: 238/243 MP: 6/22
 67064 | Depths:4 | Found a stormy altar of Qazlal.
 67173 | Hell     | Entered the Vestibule of Hell
 67173 | Hell     | Noticed Geryon
 67222 | Hell     | Killed Geryon
 67393 | Zot:1    | Entered Level 1 of the Realm of Zot
 67422 | Zot:1    | Identified the +6 glaive "Ixus" {flame, rF+ Will+ Str+4}
                  | (Trog gifted it to you on level 1 of the Realm of Zot)
 67422 | Zot:1    | Received a gift from Trog
 68670 | Zot:2    | Noticed a Killer Klown
 68673 | Zot:2    | Killed a Killer Klown
 68677 | Zot:2    | Noticed a Killer Klown
 68680 | Zot:2    | Killed a Killer Klown
 68681 | Zot:2    | Reached skill level 26 in Fighting
 69105 | Zot:2    | Identified the +5 long sword of Atwid {freeze, Int+2}
 71393 | Zot:3    | Received a gift from Trog
 71656 | Zot:3    | Reached XP level 25. HP: 253/255 MP: 6/22
 72284 | Zot:3    | Identified the +7 hand axe "Nuffe" {flame, rPois Will+
                  | SInv} (Trog gifted it to you on level 3 of the Realm of
                  | Zot)
 72284 | Zot:3    | Received a gift from Trog
 73876 | Zot:4    | Reached skill level 15 in Stealth
 73893 | Zot:4    | Reached skill level 15 in Evocations
 74288 | Zot:4    | Reached skill level 27 in Fighting
 75327 | Zot:4    | Identified the +2 battleaxe "Wasiseuk" {heavy, rF- Dex+5}
                  | (Trog gifted it to you on level 4 of the Realm of Zot)
 75327 | Zot:4    | Received a gift from Trog
 75808 | Zot:5    | Entered Level 5 of the Realm of Zot
 75953 | Zot:5    | Identified the +9 plate armour of the Lobster {rElec rPois
                  | MP-9 Int-5}
 76018 | Zot:5    | Noticed a Killer Klown
 76031 | Zot:5    | Killed a Killer Klown
 76065 | Zot:5    | Noticed an ancient lich
 76313 | Zot:5    | Killed an ancient lich
 76648 | Zot:5    | Noticed an ancient lich
 76651 | Zot:5    | Killed an ancient lich
 77165 | Zot:5    | Noticed an orb of fire
 77166 | Zot:5    | Noticed an orb of fire
 77168 | Zot:5    | Noticed an orb of fire
 77168 | Zot:5    | Noticed an orb of fire
 77169 | Zot:5    | Noticed an orb of fire
 77169 | Zot:5    | Noticed an orb of fire
 77170 | Zot:5    | Gained mutation: You are frail. (-10% HP) [an orb of fire]
 77171 | Zot:5    | Noticed an orb of fire
 77171 | Zot:5    | Noticed a Killer Klown
 77175 | Zot:5    | Gained mutation: Your skin changes colour to match your
                  | surroundings (Stealth+). [an orb of fire]
 77176 | Zot:5    | Gained mutation: You have hidden genetic potential. [an orb
                  | of fire]
 77180 | Zot:5    | Gained mutation: Your body sometimes deteriorates upon
                  | taking damage. [an orb of fire]
 77182 | Zot:5    | Gained mutation: You do not regenerate when monsters are
                  | visible. [an orb of fire]
 77183 | Zot:5    | Killed an orb of fire
 77191 | Zot:5    | Noticed a dread lich
 77194 | Zot:5    | Lost mutation: You are frail. (-10% HP) [an orb of fire]
 77195 | Zot:5    | Lost mutation: Your body sometimes deteriorates upon taking
                  | damage. [an orb of fire]
 77195 | Zot:5    | Gained mutation: You are covered in fur. (AC +1) [an orb of
                  | fire]
 77196 | Zot:5    | Killed an orb of fire
 77196 | Zot:5    | Gained mutation: Potions are less effective at restoring
                  | your health. [an orb of fire]
 77611 | Zot:5    | Killed an orb of fire
 77615 | Zot:5    | Gained mutation: Your spells are a little easier to cast,
                  | but a little less powerful. [an orb of fire]
 77618 | Zot:5    | Killed an orb of fire
 77669 | Zot:5    | Killed a dread lich
 77778 | Zot:5    | Killed an orb of fire
 77779 | Zot:5    | Reached XP level 26. HP: 250/266 MP: 6/22
 77870 | Zot:5    | Gained mutation: Your body sometimes deteriorates upon
                  | taking damage. [an orb of fire]
 77872 | Zot:5    | Killed an orb of fire
 78172 | Zot:5    | Killed an orb of fire
 80501 | Zot:5    | Got the Orb of Zot
 80704 | Depths:4 | Noticed a seraph
 80716 | Depths:4 | Killed a seraph
 81211 | D:$      | Escaped with the Orb!

Illustrated notes

Levels and vault maps discovered:
D:1:      psy_arrival_conway, layout_basic, serial_shops,
          nicolae_shop_waterfront, minmay_gold_behind_fungi,
          minmay_misc_feat_square
D:2:      layout_loops_ring, corexii_item_surrounded_by_moat, nrook_uturn,
          minmay_increasing_density
D:3:      layout_basic, grunt_dithmenos_smoke, mainiacjoe_overflow_24_doors,
          minmay_misc_feat_diagonals
D:4:      layout_basic, grunt_temple_overflow_magic_moments,
          mainiacjoe_overflow_tiny_flanked, cheibrodos_worm_habitat,
          kennysheep_little_box
D:5:      layout_basic, mainiacjoe_overflow_paths
D:6:      layout_cave_pools, general_overflow_altar,
          mainiacjoe_overflow_large_starburst, minmay_temple_entry_waves,
          serial_shops, nicolae_diamond_shop, nicolae_lakefront_shop, shop,
          nicolae_shop_tiny_real_fake_doors, nicolae_shop_just_a_little_nook,
          gup_sewer_entry_bubbles, serial_bayou_ford_a,
          nicolae_shop_i_like_small_books_too
D:7:      minmay_cornered_nines, layout_basic
D:8:      layout_gridville, enter_bailey_7
D:9:      layout_basic, grunt_temple_overflow_open, bloody_makhleb
D:10:     minmay_the_grid_square_5x5_4x4 [minmay_the_grid_square_5x5_three,
          minmay_the_grid_square_5x5_gyroscope,
          minmay_the_grid_square_5x5_sharp_hourglass,
          minmay_the_grid_square_5x5_n, minmay_the_grid_square_5x5_plus,
          minmay_the_grid_square_5x5_prize_monsterx,
          minmay_the_grid_square_5x5_prize_snowflake,
          minmay_the_grid_square_5x5_three_small,
          minmay_the_grid_square_5x5_inset,
          minmay_the_grid_square_5x5_prize_open,
          minmay_the_grid_square_5x5_prize_gold,
          minmay_the_grid_square_5x5_shrine1, minmay_the_grid_square_5x5_forky,
          minmay_the_grid_square_5x5_checkered_statues,
          minmay_the_grid_square_5x5_bite, minmay_the_grid_square_5x5_minimal],
          layout_basic, old_standard_altar, ebering_ghost_disaster_area
D:11:     layout_rooms
D:12:     minmay_slanted_spiral_squares, layout_loops_ring, david_orc_2,
          tso_metal_star
D:13:     layout_cave_pools, uniq_urug
D:14:     layout_roguey, grunt_vaults_entry_tiered,
          nicolae_sif_muna_condensation
D:15:     hellmonk_depths_entry_around_the_bend, layout_basic,
          serial_park_tiny_2, serial_library_hellmonk_u_bend, uniq_kirke,
          uniq_louise
Lair:1:   layout_chaotic_city, grunt_megastairs_3, infiniplex_staircase_pool_2
Lair:2:   gammafunk_worm_tunnel, layout_gridlike, minmay_swamp_entry_worms,
          guppyfry_snake_entry_island
Lair:3:   beargit_carnivore_pack, layout_big_grid, serial_bayou_pond_a,
          serial_bayou_shore_b
Lair:4:   layout_gridlike, beast_lair_carwin_9, grunt_megastairs_2
Lair:5:   cheibrodos_lair_end_hotspot, layout_regular_city, slime_entry_2
Swamp:1:  layout_basic_swamp, evilmike_swamp_ruin_wall,
          beargit_elvish_explorers, nicolae_swamp_decorative_isthmus
Swamp:2:  layout_falls_marsh, serial_swamp_ruin, evilmike_swamp_ruin_house_4,
          hangedman_swamp_ruin_wall, evilmike_swamp_ruin_rubble_1, uniq_roxanne,
          uniq_frances
Swamp:3:  layout_basic_swamp, hangedman_swamp_diagram, nicolae_swamp_treefoil
Swamp:4:  byrel_swamp_growth_death_and_undeath, layout_basic_swamp, uniq_aizul
Snake:1:  nicolae_snake_attic_fulla_snakes, layout_onion,
          nicolae_snake_gridmaze_squiggle, minmay_shop_grove, lemuel_fruit_tree,
          uniq_donald
Snake:2:  layout_layer_cave, hellmonk_guarded_unrand_salamander,
          minmay_shop_star
Snake:3:  layout_concentric_octagons, uniq_vashnia
Snake:4:  grunt_snake_rune_serpentine_throne, layout_misc_corridors
Orc:1:    layout_diamond_mine
Orc:2:    grunt_orc_gardens, layout_caves, grunt_orc_garden, grunt_orc_garden,
          grunt_orc_garden, grunt_orc_garden, uniq_rupert, uniq_jorgrun,
          uniq_josephine
Elf:1:    layout_loops_corners, serial_shops,
          nicolae_shop_competitors_out_of_business,
          hangedman_elven_crosses_minicolossus
Elf:2:    nicolae_elf_blades_splatter_lattice [nicolae_blade_tridents],
          layout_onion_city, ebering_ghost_gozag, serial_shops, shop,
          nicolae_shop_advertising_works [nicolae_subvault_shop_adworks],
          nicolae_shop_hallway_plus
Elf:3:    grunt_elf_hall_branching, layout_geoelf_diagonals, serial_shops,
          nicolae_shop_tiny_statue_garden, hellmonk_ghost_big_iron,
          nicolae_elf_blasts_and_bolts
Vaults:1: portal_desolation_entry_nicolae_slug,
          nicolae_vaults_mini_display_case, v_misc_27, v_misc_10, v_misc_16,
          nicolae_vaults_turnstiles, nicolae_vaults_diamond_2,
          nicolae_vaults_tangram_2, hangedman_vaults_restitches,
          ontoclasm_vaults_ring_square, vaults_room_door_ring,
          nicolae_vaults_closet_pinwheel_3, st_quartered_hall,
          layout_vaults_omnibox, nicolae_trove_entry_diagonal
Vaults:2: vaults_dpeg_emergency_exit, v_misc_28, nicolae_vaults_trapezoid_4,
          v_rooms_3, v_rooms_2, nicolae_vaults_big_ls, vaults_mumra_lcd,
          vaults_standard_mumra_x, vaults_room_corners,
          nicolae_vaults_diamond_1, layout_vaults_maze_snakey
Vaults:3: minmay_crypt_entry_simple_statues, v_misc_5,
          nicolae_vaults_tetromino_T_1, nicolae_vaults_closet_pinwheel_4,
          nicolae_vaults_heart-shaped_vault, ontoclasm_vaults_idyll,
          nicolae_vaults_house_1, layout_vaults_omnigrid, serial_shops,
          nicolae_shop_tiny_statue_garden, uniq_boris, uniq_bai_suzhen,
          uniq_xtahua
Vaults:4: nicolae_vaults_variable_pillar_hall_cross,
          nicolae_vaults_more_shelving_1, ontoclasm_vaults_eye,
          nicolae_vaults_circle_grid_b, ontoclasm_vaults_ring_large,
          nicolae_vaults_trapezoid_layered, nicolae_vaults_trapezoid_lopsided_3,
          v_pattern_1, ontoclasm_vaults_ring_small,
          nicolae_vaults_little_squares_1, layout_vaults_big_room, serial_shops,
          shop, shop
Vaults:5: uniq_jory
Depths:1: nicolae_cairo_tiling_very_big, layout_cave_shapes, hell_entry,
          nicolae_vehumet_radiance, onia_ninara_cookie
Depths:2: gammafunk_sealed_arena, layout_cave_pools, grunt_hell_entry_dis_grunt,
          rand_demon_pan_entry_9, minmay_strange_pillars, abyss_entry,
          hellmonk_ghost_happy_afterlife
Depths:3: kennysheep_blocky_room, layout_cave_pools, grunt_hell_horde,
          nemelex_lonely_heart_becter, abyss_entry
Depths:4: grunt_zot_entry_bicorn, layout_twisted_cross, enter_ziggurat_f,
          hell_entry, grunt_qazlal_clouds
Hell
Zot:1:    layout_basic, hangedman_zot_diagonal_lockstep
Zot:2:    layout_twisted_circle, uniq_josephina
Zot:3:    kennysheep_room_grid, layout_basic
Zot:4:    regret_index_zot_pan_timeshare, layout_twisted_circle
Zot:5:    layout_twisted_circle

Skill      XL: |  1  2  3  4  5  6  7  8  9 10 11 12 13 14 15 16 17 18 19 20 21 22 23 24 25 26 |
---------------+-------------------------------------------------------------------------------+-----
Axes           | 4 5 6 7 8 10 11 14 16 17 20 21 23 24 25 | 25.4
Fighting       | 5 6 8 10 12 14 16 18 20 21 22 23 24 25 26 27 | 27.0
Armour         | 4 5 9 13 15 18 20 21 23 25 | 25.6
Dodging        | 3 5 7 9 11 13 15 16 17 18 19 20 21 23 24 | 24.8
Stealth        | 4 7 9 11 13 14 16 | 16.7
Evocations     | 4 7 9 11 13 14 16 | 16.7

Action                     |  1- 3 |  4- 6 |  7- 9 | 10-12 | 13-15 | 16-18 | 19-21 | 22-24 | 25-27 || total
---------------------------+-------+-------+-------+-------+-------+-------+-------+-------+-------++-------
  Melee: Hand axe          |    75 |   115 |   164 |       |       |       |       |       |       ||   354
         Headbutt          |    11 |    21 |    44 |    94 |   188 |   174 |   172 |   276 |   111 ||  1091
         Punch             |       |     1 |     5 |       |       |       |       |       |       ||     6
         War axe           |       |       |   130 |    59 |       |       |       |       |       ||   189
         Battleaxe         |       |       |       |   331 |   915 |   357 |       |       |       ||  1603
         Shillelagh        |       |       |       |    15 |     6 |       |       |       |       ||    21
         Executioner's axe |       |       |       |       |       |   431 |   882 |  1004 |   454 ||  2771
  Throw: Dart              |       |       |       |     9 |     8 |       |       |       |       ||    17
         Javelin           |       |       |       |       |       |       |     3 |       |       ||     3
 Invoke: Berserk           |     3 |     8 |    12 |     9 |     8 |     4 |     3 |     8 |     5 ||    60
         Trog's Hand       |       |       |     2 |     2 |     1 |     4 |     5 |     5 |     2 ||    21
         Brothers in Arms  |       |       |       |     1 |     4 |     3 |     4 |     5 |     3 ||    20
  Evoke: Phial of floods   |       |       |       |       |       |       |       |     1 |       ||     1
         Sack of spiders   |       |       |       |       |       |       |       |     1 |       ||     1
         Wand              |       |       |       |       |       |       |       |       |     1 ||     1
    Use: Scroll            |       |       |       |    16 |     8 |     7 |     4 |     1 |     9 ||    45
         Potion            |       |       |       |       |     1 |     4 |     1 |       |    14 ||    20
   Stab: Distracted        |       |       |       |       |     1 |     2 |     1 |       |     1 ||     5
         Confused          |       |       |       |       |       |       |       |     2 |       ||     2
 Armour: Animal skin       |    38 |    23 |       |       |       |       |       |       |       ||    61
         Scale mail        |       |    22 |   191 |     7 |       |       |       |       |       ||   220
         Plate armour      |       |       |       |   148 |       |       |       |       |       ||   148
         Gold dragon scale |       |       |       |   203 |   656 |   885 |   620 |   848 |   349 ||  3561
  Dodge: Dodged            |    47 |    47 |   147 |   145 |   324 |   507 |   455 |   568 |   194 ||  2434
  Block: Other             |       |       |    21 |    62 |   155 |   160 |   112 |   163 |    50 ||   723
         Reflection        |       |       |       |     6 |     4 |    28 |    20 |    13 |     1 ||    72
